 Dungeon Crawl Stone Soup version 0.19-a0-157-gbc558dc (webtiles) character file.

19117 Duffy the Grappler (level 12, -2/111 (112) HPs)
             Began as a Naga Transmuter on May 20, 2016.
             Was the Champion of Cheibriados.
             Slain by a catoblepas (6 damage)
             ... on level 3 of the Lair of Beasts.
             The game lasted 00:28:18 (19542 turns).

Duffy the Grappler (Naga Transmuter)               Turns: 19542, Time: 00:28:19

HP:   -2/111 (112)  AC: 15    Str: 31    XL:     12   Next: 65%
MP:   16/18         EV: 20    Int: 29    God:    Cheibriados [******]
Gold: 604           SH:  0    Dex: 28    Spells: 4 memorised, 3 levels left

rFire  + . .     SeeInvis +       - Unarmed
rCold  . . .     Gourm    .     P - +2 ring mail {rF+}
rNeg   . . .     Faith    .     (no shield)
rPois  +         Spirit   .     e - +2 helmet
rElec  .         Dismiss  .     D - +0 cloak
rCorr  +         Reflect  .     r - +2 pair of gloves
SustAt .         Harm     .     (no barding)
MR     +....                    (no amulet)
Stlth  ++........               y - +4 ring of evasion
                                j - ring of resist corrosion

@: very slow, somewhat resistant to hostile enchantments, unstealthy
A: see invisible, deformed body, poison resistance, slowness 2, slow metabolism
1, spit poison 2, AC +4
a: Spit Poison, Bend Time, Temporal Distortion, Slouch, Step From Time, Renounce
Religion


You were on level 3 of the Lair of Beasts.
You worshipped Cheibriados.
Cheibriados was exalted by your worship.
You were not hungry.

You visited 2 branches of the dungeon, and saw 13 of its levels.

You collected 838 gold pieces.
You spent 234 gold pieces at shops.


Innate Abilities, Weirdness & Mutations

You cannot wear boots.
Your serpentine skin is tough (AC +4).
You have supernaturally acute eyesight.
Armour fits poorly on your strangely shaped body.
Your system is resistant to poisons.
You cover ground very slowly.
You have a slow metabolism.
You can spit poison.


   Skills:
 + Level 8.7 Fighting
 + Level 7.4 Dodging
 + Level 11.7 Unarmed Combat
 - Level 3.2 Spellcasting
 - Level 7.8 Transmutations
 - Level 4.4 Ice Magic
 - Level 1.8 Poison Magic
 - Level 8.5 Invocations


You had 3 spell levels left.
You knew the following spells:

 Your Spells              Type           Power        Failure   Level  Hunger
a - Blade Hands           Trmt           ######....   14%         5    ######.
b - Sticks to Snakes      Trmt           ######..     1%          2    #......
c - Spider Form           Trmt/Pois      ####......   4%          3    ##.....
d - Ice Form              Ice/Trmt       #####...     12%         4    ####...

Inventory:

Hand Weapons
 R - a +0 blowgun
Missiles
 a - 90 arrows
 m - a throwing net
 z - 52 poisoned needles
 H - 15 tomahawks (quivered)
Armour
 e - a +2 helmet (worn)
 r - a +2 pair of gloves (worn)
 D - a +0 cloak (worn)
 P - a +2 ring mail of fire resistance (worn)
Jewellery
 i - an uncursed ring of fire
 j - a ring of resist corrosion (left hand)
 y - a +4 ring of evasion (right hand)
Wands
 B - a wand of acid (4/15)
 O - a wand of flame (7/48)
 T - a wand of iceblast (5/15)
Scrolls
 h - a scroll of magic mapping
 l - 4 scrolls of amnesia
 o - 4 scrolls of recharging
 p - 2 scrolls of enchant weapon
 w - a scroll of fog
 E - 3 scrolls of fear
 I - a scroll of teleportation
 J - a scroll of holy word
 N - a scroll of blinking
Potions
 b - a potion of invisibility {unknown}
 c - a potion of agility
 f - 2 potions of lignification {unknown}
 g - 2 potions of brilliance
 q - 2 potions of cancellation
 s - 3 potions of heal wounds
 u - 6 potions of curing
 x - 4 potions of might
 A - a potion of resistance {unknown}
 C - a potion of mutation {unknown}
 M - 3 potions of ambrosia
 Q - a potion of magic {unknown}
Comestibles
 d - 10 bread rations
 k - 11 beef jerkies
 n - a chunk of flesh
 v - 5 meat rations
 F - 13 fruits

Dungeon Overview and Level Annotations

Branches:
Dungeon (10/15)            Temple (0/1) D:4            Lair (3/8) D:8
  Swamp: Lair:3-6    Shoals: Lair:3-6     Snake: Lair:3-6    Spider: Lair:3-6
    Orc: D:9-12

Altars:
Cheibriados
Dithmenos
Elyvilon
Fedhas
Makhleb
Nemelex Xobeh
Sif Muna
Zin
The Shining One
Jiyva

Shops:
D:5 }   D:6 [(


Message History

k - 11 beef jerkies (gained 1)
Found a cloak.
A catoblepas comes into view.
Cast which spell? (? or * to list)
Your hands turn into razor-sharp scythe blades.
Your +2 pair of gloves melds into your body.
You hear a bellow!
The catoblepas gores you!!
The catoblepas gores you but does no damage.
Something bites the plant!!
The catoblepas breathes a plume of calcifying dust at you.
The blast of calcifying dust hits you!
A basilisk comes into view.
The basilisk bites the plant.
The catoblepas closely misses you.
The basilisk bites the plant but does no damage.
The catoblepas breathes a plume of calcifying dust at you.
The blast of calcifying dust hits you!
The basilisk bites something.
The catoblepas gores you!!
The basilisk bites something!
The catoblepas gores you but does no damage.
The catoblepas breathes a plume of calcifying dust at you.
The blast of calcifying dust hits you!
Your transformation is almost over.
Something bites the plant but does no damage.
The catoblepas gores you!
Something bites the plant!
The catoblepas closely misses you.
Something bites the plant!
You shred the catoblepas!!!
The catoblepas is severely wounded.
The catoblepas breathes a plume of calcifying dust at you.
The blast of calcifying dust hits you!
Something bites the plant!
The plant is destroyed!
The catoblepas completely misses you.
The catoblepas breathes a plume of calcifying dust at you.
The blast of calcifying dust hits you!
The catoblepas gores you but does no damage.
The catoblepas gores you! x2
You hit the catoblepas.
The catoblepas is severely wounded.
The catoblepas misses you.
You hit the catoblepas but do no damage.
The catoblepas is severely wounded.
You slash the catoblepas!
The catoblepas is almost dead.
Your hands revert to their normal proportions.
Your +2 pair of gloves unmelds from your body.
The catoblepas breathes a plume of calcifying dust at you.
The blast of calcifying dust hits you! The catoblepas gores you!
The catoblepas gores you.
You die...

... P.+#
#####..##
#.......#..
#......##.#
#000l..#..#
####..###.##
..####Y#..##.P#
......0.@.....#
.....0........#
....0.........###
...0..........#.#
..0............##
..............##
....###..P###..#
.....#...#.#.##
..P......#..##


You could see a catoblepas.

Action                   |  1- 3 |  4- 6 |  7- 9 | 10-12 || total
-------------------------+-------+-------+-------+-------++-------
Melee: Unarmed           |    36 |   109 |   459 |   685 ||  1289
       Dagger            |    46 |    83 |       |       ||   129
       Whip              |    26 |    51 |       |       ||    77
       Punch             |       |       |    23 |    56 ||    79
Throw: Tomahawk          |       |       |       |     1 ||     1
 Cast: Spider Form       |       |    11 |    18 |     4 ||    33
       Ice Form          |       |       |       |     2 ||     2
       Blade Hands       |       |       |       |    17 ||    17
 Abil: Spit Poison       |     3 |       |       |       ||     3
Evoke: Wand              |       |       |       |     5 ||     5
  Use: Scroll            |       |     5 |     5 |    14 ||    24
       Potion            |       |     1 |       |       ||     1
 Stab: Sleeping          |       |     4 |     4 |     4 ||    12
       Distracted        |       |     1 |     2 |     2 ||     5
  Eat: Chunk             |     2 |     9 |    12 |    12 ||    35
       Pizza             |       |       |       |     3 ||     3
       Fruit             |       |       |       |     1 ||     1
       Meat ration       |       |       |       |     1 ||     1
       Bread ration      |       |       |       |     1 ||     1
Armor: Robe              |    21 |    37 |    63 |       ||   121
       Skin              |       |     1 |     5 |     5 ||    11
       Ring mail         |       |       |    42 |   308 ||   350
       Scale mail        |       |       |    47 |       ||    47
Dodge: Dodged            |    51 |   142 |   308 |   512 ||  1013

Notes
Turn   | Place    | Note
--------------------------------------------------------------
     0 | D:1      | Duffy the Naga Transmuter began the quest for the Orb.
     0 | D:1      | Reached XP level 1. HP: 18/18 MP: 3/3
   212 | D:1      | Reached XP level 2. HP: 20/25 MP: 5/5
   292 | D:1      | Learned a level 2 spell: Sticks to Snakes
   782 | D:1      | Reached XP level 3. HP: 18/31 MP: 6/6
  1394 | D:1      | Reached skill level 3 in Transmutations
  1761 | D:2      | Learned a level 3 spell: Spider Form
  1872 | D:2      | Reached skill level 4 in Unarmed Combat
  2024 | D:2      | Reached XP level 4. HP: 27/38 MP: 7/7
  2139 | D:2      | Found a snail-covered altar of Cheibriados.
  2144 | D:2      | Became a worshipper of Cheibriados the Contemplative
  2216 | D:2      | Reached skill level 1 in Poison Magic
  2738 | D:2      | Reached * piety under Cheibriados
  3176 | D:3      | Noticed Gruesome's ghost (amateur TeSu)
  4243 | D:4      | Found a staircase to the Ecumenical Temple.
  4510 | D:4      | Reached ** piety under Cheibriados
  4543 | D:4      | Noticed a phantom
  4587 | D:4      | Killed a phantom
  4587 | D:4      | Reached skill level 2 in Dodging
  4587 | D:4      | Reached skill level 5 in Unarmed Combat
  4587 | D:4      | Reached XP level 5. HP: 10/44 MP: 2/8
  4916 | D:4      | Reached XP level 6. HP: 29/51 MP: 9/9
  5768 | D:4      | Learned a level 4 spell: Ice Form
  6002 | D:4      | Reached skill level 2 in Fighting
  6211 | D:5      | Entered Level 5 of the Dungeon
  6237 | D:5      | Reached XP level 7. HP: 60/60 MP: 7/10
  6280 | D:5      | Reached skill level 6 in Unarmed Combat
  6399 | D:5      | Reached *** piety under Cheibriados
  6664 | D:5      | Reached skill level 3 in Fighting
  7413 | D:5      | Reached skill level 4 in Fighting
  7413 | D:5      | Reached skill level 7 in Unarmed Combat
  7413 | D:5      | Reached XP level 8. HP: 59/72 MP: 11/11
  8041 | D:5      | Found Weostril's Gadget Emporium.
  8053 | D:5      | Reached **** piety under Cheibriados
  8284 | D:5      | Reached skill level 5 in Fighting
  8580 | D:5      | Reached skill level 8 in Unarmed Combat
  8624 | D:5      | Found a sparkling altar of Nemelex Xobeh.
  9264 | D:3      | Killed Gruesome's ghost
  9264 | D:3      | Reached skill level 3 in Dodging
  9644 | D:6      | Reached skill level 1 in Ice Magic
  9706 | D:5      | Reached ***** piety under Cheibriados
  9812 | D:6      | Reached skill level 2 in Ice Magic
  9812 | D:6      | Reached XP level 9. HP: 74/81 MP: 2/12
  9894 | D:6      | Found Vissufid's Antique Weapon Shop.
 10199 | D:6      | Reached skill level 3 in Ice Magic
 10201 | D:6      | Reached skill level 9 in Unarmed Combat
 10338 | D:6      | Found Dicwurel's Antique Armour Shop.
 10341 | D:6      | Bought an encrusted scale mail for 234 gold pieces
 10351 | D:6      | Identified the +2 scale mail of the Beekeeper {rF+} (You bought it in a shop on level 6 of the Dungeon)
 10912 | D:7      | Reached skill level 4 in Ice Magic
 11022 | D:7      | Reached skill level 4 in Transmutations
 11284 | D:7      | Reached skill level 10 in Unarmed Combat
 11539 | D:7      | Reached skill level 1 in Invocations
 11711 | D:7      | Reached skill level 5 in Transmutations
 11711 | D:7      | Reached skill level 2 in Invocations
 11711 | D:7      | Reached XP level 10. HP: 80/87 MP: 13/13
 11747 | D:7      | Found a shadowy altar of Dithmenos.
 11844 | D:7      | Reached skill level 3 in Invocations
 11912 | D:7      | Reached ****** piety under Cheibriados
 11919 | D:7      | Learned a level 5 spell: Blade Hands
 12130 | D:8      | Reached skill level 4 in Invocations
 12303 | D:8      | Reached skill level 6 in Transmutations
 12356 | D:8      | Found a staircase to the Lair.
 12499 | D:8      | Reached skill level 5 in Invocations
 12716 | D:8      | Found a burning altar of Makhleb.
 12991 | D:8      | Reached skill level 7 in Transmutations
 12993 | D:8      | Reached skill level 6 in Invocations
 13652 | D:9      | Reached skill level 7 in Invocations
 13659 | D:9      | Found a deep blue altar of Sif Muna.
 13679 | D:9      | Found a blossoming altar of Fedhas.
 14058 | D:9      | Reached XP level 11. HP: 75/95 MP: 16/16
 14173 | D:9      | Found a sparkling altar of Nemelex Xobeh.
 14174 | D:9      | Found a white marble altar of Elyvilon.
 14198 | D:9      | Reached skill level 4 in Dodging
 14252 | D:9      | Reached skill level 8 in Invocations
 14302 | D:9      | Found a viscous altar of Jiyva.
 14898 | D:9      | Found a glowing golden altar of the Shining One.
 15093 | D:10     | Entered Level 10 of the Dungeon
 15228 | D:10     | Reached skill level 5 in Dodging
 15373 | D:10     | Noticed an unseen horror
 15410 | D:10     | Killed an unseen horror
 15603 | D:10     | Noticed a hill giant
 15632 | D:10     | Killed a hill giant
 15632 | D:10     | Reached skill level 6 in Fighting
 15815 | D:10     | Found a glowing silver altar of Zin.
 15823 | D:10     | Noticed an unseen horror
 15840 | D:10     | Killed an unseen horror
 15923 | D:10     | Noticed a hill giant
 15931 | D:10     | Killed a hill giant
 16170 | D:10     | Noticed Gastronok
 16183 | D:10     | Killed Gastronok
 16183 | D:10     | Reached skill level 7 in Fighting
 16183 | D:10     | Reached skill level 6 in Dodging
 16705 | Lair:1   | Entered Level 1 of the Lair of Beasts
 17064 | Lair:1   | Reached skill level 11 in Unarmed Combat
 17064 | Lair:1   | Reached XP level 12. HP: 104/108 MP: 7/18
 17353 | Lair:1   | Reached skill level 3 in Spellcasting
 17686 | Lair:1   | Noticed a five-headed hydra
 17692 | Lair:1   | Killed a seven-headed hydra
 18046 | Lair:2   | Noticed Duffy's ghost (journeyman NaIE)
 18055 | Lair:2   | Killed Duffy's ghost
 18212 | Lair:2   | Reached skill level 8 in Fighting
 18535 | Lair:2   | Noticed Harold
 18541 | Lair:2   | Killed Harold
 18541 | Lair:2   | Reached skill level 7 in Dodging
 18853 | Lair:2   | Noticed Gruesome's ghost (journeyman OpTm)
 18869 | Lair:2   | Killed Gruesome's ghost
 19151 | Lair:2   | Noticed a seven-headed hydra
 19155 | Lair:2   | Killed an eight-headed hydra
 19524 | Lair:3   | Noticed a catoblepas
 19542 | Lair:3   | Slain by a catoblepas

Skill      XL: |  1  2  3  4  5  6  7  8  9 10 11 12 |
---------------+-------------------------------------+-----
Transmutations | 3 5 7 |  7.8
Unarmed Combat | 4 5 7 8 10 11 | 11.7
Poison Magic   | 1 |  1.8
Dodging        | 2 3 6 7 |  7.4
Fighting       | 2 4 5 7 8 |  8.7
Ice Magic      | 2 4 |  4.4
Invocations    | 2 7 8 |  8.5
Spellcasting   | 3 |  3.2

Vault maps used:
D:1:      dpeg_arrival_round_b
D:2:      lemuel_doored_altar, minmay_goblin_kobold_house
D:4:      minmay_temple_entry_butterflies
D:5:      serial_shops, shop_coins, first_bread, nemelex_spade_bored_becter
D:6:      serial_shops, shop, kennysheep_windowed_goal
D:7:      kennysheep_mini, serial_undead, serial_undead_b, serial_undead_d,
          serial_undead_f, serial_undead_f, serial_undead_b, serial_undead_f,
          serial_undead_e, serial_undead_b
D:8:      kennysheep_mini_moat, erik_lair_island, grunt_ogre_cave
D:9:      gammafunk_temple_overflow_statue, lemuel_crystal_altar,
          grunt_temple_overflow_open, hangedman_abyss_or_decor_stagger,
          jiyva_altar_1
D:10:     basic_altar, uniq_gastronok
Lair:1:   infiniplex_staircase_pool_2, grunt_megastairs_5, lemuel_fruit_tree,
          serial_bayou_shore_b
Lair:2:   uniq_harold
Lair:3:   st_stairs_4, beast_lair_carwin_6, grunt_megastairs_1

Vanquished Creatures
  Gastronok
  The ghost of Duffy the Basher, a journeyman NaIE of Makhleb Harold
  The ghost of Gruesome the Octopoid Aeon, a journeyman OpTm of Cheibriados
  2 hydras
  2 unseen horrors
  2 hill giants
  A black mamba
  3 spiny frogs
  A komodo dragon
  2 trolls
  A two-headed ogre
  6 yaks
  A wyvern
  3 hippogriffs
  5 water moccasins
  The ghost of Gruesome the Caller, an amateur TeSu
  3 porcupines
  3 sky beasts
  An orc warrior
  3 ice beasts
  3 necrophages
  2 black bears
  6 phantoms
  An eye of draining
  5 ogres
  5 wolves
  2 centaurs
  2 crocodiles
  2 big kobolds
  6 giant frogs
  2 water moccasin zombies
  A wyvern skeleton
  5 scorpions
  6 howler monkeys
  12 wights
  2 electric eels
  3 centaur zombies
  10 crimson imps
  7 jellies
  A giant frog skeleton
  A giant frog zombie
  18 orc wizards
  10 orc priests
  8 hounds
  3 iguanas
  A gnoll shaman
  12 worker ants
  7 sheep
  5 hound zombies
  A worker ant zombie
  27 river rats
  12 adders
  11 gnolls
  A shadow imp
  2 oozes
  2 adder zombies
  2 adder skeletons
  2 worms
  3 dart slugs
  6 giant geckos
  41 orcs
  10 bats
  13 giant cockroaches
  13 goblins
  11 hobgoblins
  29 jackals
  18 kobolds
  8 quokkas
  A ball python
  A giant gecko skeleton
  A giant gecko zombie
  6 giant newts
  2 quokka zombies
  8 rats
  2 butterflies
  5 fungi
  2 plants
432 creatures vanquished.
